 Dungeon Crawl Stone Soup version 0.25-a0-578-gc91f01c39c (webtiles) character file.

Game seed: 10498393713369754444, levelgen mode: deterministic

220 Kohma the Insei (level 5, -1/41 HPs)
             Began as a Gnoll Transmuter on Mar 7, 2020.
             Slain by an orc
             ... wielding a +0 whip
              (7 damage)
             ... on level 6 of the Dungeon.
             The game lasted 00:04:21 (1937 turns).

Kohma the Insei (Gnoll Transmuter)                  Turns: 1937, Time: 00:04:21

Health: -1/41      AC:  2    Str: 13    XL:     5   Next: 97%
Magic:  7/12       EV: 24    Int: 16    God:
Gold:   98         SH:  0    Dex: 20    Spells: 8/14 levels left

rFire    . . .     SeeInvis .     - Unarmed
rCold    . . .     Gourm    .   (shield currently unavailable)
rNeg     . . .     Faith    .   (armour currently unavailable)
rPois    x         Spirit   .   (helmet currently unavailable)
rElec    .         Reflect  .   (cloak currently unavailable)
rCorr    .         Harm     .   (gloves currently unavailable)
MR       .....                  (boots currently unavailable)
Stlth    ++........             (no amulet)
HPRegen  0.13/turn              (no ring)
MPRegen  0.13/turn              (no ring)

@: spider-form, very slightly contaminated
A: tiny, distributed training, strong nose
a: End Transformation


You were on level 6 of the Dungeon.
You were not hungry.
You were a venomous arachnid creature.
You visited 1 branch of the dungeon, and saw 4 of its levels.

You collected 98 gold pieces.

Inventory:

Hand Weapons
 p - a +1 dagger of venom
Missiles
 a - 12 arrows
 f - 94 stones (quivered)
 j - 7 poisoned darts
 m - 21 sling bullets
Armour
 b - a +0 robe (melded)
Scrolls
 g - a scroll of identify {unknown}
 h - a scroll of remove curse {unknown}
 i - a scroll of immolation {unknown}
 k - 2 scrolls of teleportation {unknown}
Potions
 c - a potion of cancellation {unknown}
 e - a potion of brilliance {unknown}
 l - a potion of flight {unknown}
 o - a potion of ambrosia {unknown}
Comestibles
 d - 2 rations
 n - 9 chunks of flesh


   Skills:
 + Level 3.1 Fighting
 + Level 1.6 Short Blades
 + Level 1.6 Long Blades
 + Level 1.6 Axes
 + Level 1.6 Maces & Flails
 + Level 1.6 Polearms
 + Level 1.6 Staves
 + Level 1.6 Slings
 + Level 1.6 Bows
 + Level 1.6 Crossbows
 + Level 1.6 Throwing
 + Level 1.6 Armour
 + Level 4.8 Dodging
 + Level 1.6 Stealth
 + Level 1.6 Shields
 + Level 6.7 Unarmed Combat
 + Level 5.2 Spellcasting
 + Level 1.3 Conjurations
 + Level 1.3 Hexes
 + Level 1.3 Charms
 + Level 1.3 Summonings
 + Level 1.3 Necromancy
 + Level 1.3 Translocations
 + Level 4.0 Transmutations
 + Level 1.3 Fire Magic
 + Level 1.3 Ice Magic
 + Level 1.3 Air Magic
 + Level 1.3 Earth Magic
 + Level 1.3 Poison Magic
 + Level 1.9 Invocations
 + Level 1.6 Evocations


You had 8 spell levels left.
You knew the following spells:

 Your Spells              Type           Power        Failure   Level  Hunger
a - Beastly Appendage     Tmut           ###...       10%         1    None
b - Sticks to Snakes      Tmut           ###.....     13%         2    #......
c - Spider Form           Tmut/Pois      ##........   32%         3    ###....

Your spell library contained the following spells:

 Spells                   Type           Power        Failure   Level  Hunger
 Ice Form                 Ice/Tmut       ##......     65%         4    ####...
 Blade Hands              Tmut           ###.......   80%         5    ######.


Dungeon Overview and Level Annotations

Branches:
Dungeon (3/15)

Altars:


Innate Abilities, Weirdness & Mutations

Your experience applies equally to all skills.
((You have very sharp teeth.))
Your uncanny sense of smell can sniff out nearby items.


Message History

You hit the bullfrog.
The bullfrog looks as sick as possible!
The bullfrog is severely wounded.
The bullfrog hits you.
* * * LOW HITPOINT WARNING * * *
A hound comes into view.
The hound barks!
You hit the orc.
The orc is severely wounded.
The bullfrog hits you.
* * * LOW HITPOINT WARNING * * *
The orc completely misses you.
You kill the bullfrog!
Your Fighting skill increases to level 3!
Your Transmutations skill increases to level 4!
You hit the quokka.
You kill the quokka!
You closely miss the orc.
The orc is severely wounded.
The orc hits you with a +0 whip!
You die...

∆ . ... ....#∆
#########
$.(...###.......#
.........s......#
..)....ho.......#
.......##.......#
....... #########
....... ...$...
.....h# .^....


You could see a hound and an orc.

Vanquished Creatures
  A bullfrog (D:6)
  An orc wizard (D:3)
  Terence (D:2)
  A gnoll (D:1)
  3 adders (D:2)
  A worm (D:2)
  A dart slug (D:1)
  4 leopard geckos
  6 orcs (D:3)
  4 goblins
  6 hobgoblins
  7 kobolds
  A quokka (D:6)
  A ball python (D:2)
  2 bats
  A frilled lizard (D:2)
  5 rats
  A plant (D:3)
47 creatures vanquished.

Notes
Turn   | Place    | Note
-------+----------+-------------------------------------------
     0 | D:1      | Kohma the Gnoll Transmuter began the quest for the Orb.
     0 | D:1      | Reached XP level 1. HP: 17/17 MP: 6/6
   267 | D:1      | Reached XP level 2. HP: 20/23 MP: 5/7
   488 | D:1      | Reached XP level 3. HP: 26/28 MP: 9/9
   706 | D:2      | Reached skill level 5 in Spellcasting
   934 | D:2      | Reached skill level 1 in Invocations
   939 | D:2      | Learned a level 2 spell: Sticks to Snakes
   943 | D:2      | Learned a level 3 spell: Spider Form
  1018 | D:2      | Reached skill level 1 in Short Blades
  1018 | D:2      | Reached skill level 1 in Long Blades
  1018 | D:2      | Reached skill level 1 in Axes
  1018 | D:2      | Reached skill level 1 in Maces & Flails
  1018 | D:2      | Reached skill level 1 in Polearms
  1018 | D:2      | Reached skill level 1 in Staves
  1018 | D:2      | Reached skill level 1 in Slings
  1018 | D:2      | Reached skill level 1 in Bows
  1018 | D:2      | Reached skill level 1 in Crossbows
  1018 | D:2      | Reached skill level 1 in Throwing
  1018 | D:2      | Reached skill level 1 in Armour
  1018 | D:2      | Reached skill level 1 in Stealth
  1018 | D:2      | Reached skill level 1 in Shields
  1018 | D:2      | Reached skill level 1 in Evocations
  1295 | D:2      | Reached XP level 4. HP: 32/34 MP: 11/11
  1383 | D:2      | Noticed Terence
  1387 | D:2      | Killed Terence
  1641 | D:2      | Reached skill level 1 in Conjurations
  1641 | D:2      | Reached skill level 1 in Hexes
  1641 | D:2      | Reached skill level 1 in Charms
  1641 | D:2      | Reached skill level 1 in Summonings
  1641 | D:2      | Reached skill level 1 in Necromancy
  1641 | D:2      | Reached skill level 1 in Translocations
  1641 | D:2      | Reached skill level 1 in Fire Magic
  1641 | D:2      | Reached skill level 1 in Ice Magic
  1641 | D:2      | Reached skill level 1 in Air Magic
  1641 | D:2      | Reached skill level 1 in Earth Magic
  1641 | D:2      | Reached skill level 1 in Poison Magic
  1697 | D:3      | Reached XP level 5. HP: 36/40 MP: 8/12
  1872 | D:3      | You fall into a shaft and drop 3 floors!
  1937 | D:6      | Slain by an orc

Levels and vault maps discovered:
D:1:      heliophobic_arrival_glass_houses, layout_rooms
D:2:      lemuel_upstairs_altar, layout_basic, grunt_ministairs_2, uniq_terence
D:3:      layout_basic, first_ration, lexackson_kobold_supper, uniq_ijyb,
          uniq_natasha
D:6:      layout_rooms, uniq_sigmund, uniq_maggie

Skill      XL: |  1  2  3  4  5 |
---------------+----------------+-----
Spellcasting   | 5 |  5.2
Invocations    | 1 |  1.9
Short Blades   | 1 |  1.6
Long Blades    | 1 |  1.6
Axes           | 1 |  1.6
Maces & Flails | 1 |  1.6
Polearms       | 1 |  1.6
Staves         | 1 |  1.6
Slings         | 1 |  1.6
Bows           | 1 |  1.6
Crossbows      | 1 |  1.6
Throwing       | 1 |  1.6
Armour         | 1 |  1.6
Stealth        | 1 |  1.6
Shields        | 1 |  1.6
Evocations     | 1 |  1.6
Conjurations   | 1 |  1.3
Hexes          | 1 |  1.3
Charms         | 1 |  1.3
Summonings     | 1 |  1.3
Necromancy     | 1 |  1.3
Translocations | 1 |  1.3
Fire Magic     | 1 |  1.3
Ice Magic      | 1 |  1.3
Air Magic      | 1 |  1.3
Earth Magic    | 1 |  1.3
Poison Magic   | 1 |  1.3
Fighting       | 3 |  3.1
Transmutations | 4 |  4.0
Dodging        | |  4.8
Unarmed Combat | |  6.7

Action                   |  1- 3 |  4- 6 || total
-------------------------+-------+-------++-------
Melee: Unarmed           |    53 |    91 ||   144
       Headbutt          |     3 |       ||     3
       Kick              |     1 |       ||     1
       Punch             |     1 |     1 ||     2
       Bite              |       |     7 ||     7
 Cast: Beastly Appendage |     4 |       ||     4
       Spider Form       |       |    10 ||    10
 Stab: Sleeping          |     1 |       ||     1
  Eat: Chunk             |     1 |     3 ||     4
Armor: Robe              |     3 |     1 ||     4
       Skin              |       |     1 ||     1
Dodge: Dodged            |    29 |    63 ||    92

Table legend:
 A = Non-vault XP
 B = Vault XP
 C = Vault XP percentage of total XP
 D = Non-vault monster count
 E = Vault monster count
 F = Vault count percentage of total count
                 A         B        C        D         E       F
            +---------+---------+-------+---------+---------+-------
      Total |     264 |      51 |  16.2 |      35 |      11 |  23.9
            +---------+---------+-------+---------+---------+-------
        D:1 |      36 |       0 |   0.0 |      11 |       0 |   0.0
        D:2 |      62 |      40 |  39.2 |      14 |       3 |  17.6
        D:3 |      64 |      11 |  14.7 |       8 |       8 |  50.0
        D:6 |     102 |       0 |   0.0 |       2 |       0 |   0.0
            +---------+---------+-------+---------+---------+-------
